[Event "23rd ETCC Women 2021"]
[Site "Catez"]
[Date "2021.11.21"]
[Round "8.58"]
[White "Emelianova, Maria"]
[Black "Machlik, Monika"]
[Result "0-1"]
[ECO "B18"]
[WhiteElo "2113"]
[BlackElo "2096"]
[Annotator "ChessBase"]
[PlyCount "82"]
[EventDate "2021.11.08"]
[EventType "team-tourn"]
[EventCountry "SLO"]
[SourceTitle "playchess.com"]
[Source "ChessBase"]
[SourceQuality "1"]
[WhiteTeam "England"]
[BlackTeam "Norway"]
[WhiteTeamCountry "ENG"]
[BlackTeamCountry "NOR"]
[TimeControl "40/5400+30:1800+30"]

1. e4 c6 2. d4 d5 3. Nd2 dxe4 4. Nxe4 Bf5 5.
Ng3 Bg6 6. h4 h6 7. f4 e6 8. Nf3 Be7 9. h5 Bh7 10. Bd3 Bxd3 11. Qxd3 Qc7 12. Bd2 Nd7 13. O-O-O O-O-O 14. Ne5 Nxe5 15. fxe5 c5 16. Qf3 cxd4 17. Qxf7 Qxe5 18. Rh3 Qd5 19. Kb1 Bf6 20. Bb4 Rd7 21. Qe8+ Rd8 22. Qf7 Qd7 23. Qxd7+ Rxd7 24. Ne4 b6 25. Rg3 Be5 26. Rg6 Nf6 27. Re1 Re8 28. g4 Nd5 29. Bd2 Bf4 30. g5 Bxd2 31.
Nxd2 Nf4 32. gxh6 Nxg6 33. hxg6 gxh6 34. Nc4 e5 35. Rh1 b5 36. Nd2 e4 37. Rxh6 e3 38. Nf3 Rf8 39. Rh3 e2 40. Kc1 Rxf3 41.
Rh8+ Rd8 0-1

[Event "23rd ETCC Women 2021"]
[Site "Catez"]
[Date "2021.11.21"]
[Round "8.59"]
[White "Machlik, Edit"]
[Black "Bayat, Shohreh"]
[Result "1/2-1/2"]
[ECO "D36"]
[WhiteElo "2087"]
[BlackElo "2091"]
[Annotator "ChessBase"]
[PlyCount "89"]
[EventDate "2021.11.08"]
[EventType "team-tourn"]
[EventCountry "SLO"]
[SourceTitle "playchess.com"]
[Source "ChessBase"]
[SourceQuality "1"]
[WhiteTeam "Norway"]
[BlackTeam "England"]
[WhiteTeamCountry "NOR"]
[BlackTeamCountry "ENG"]
[TimeControl "40/5400+30:1800+30"]

1. d4 e6 2. c4 d5 3. Nc3 Nf6 4. cxd5 exd5 5. Bg5 Be7 6. e3 Nbd7 7. Qc2 h6 8. Bh4 c6 9. Bd3 O-O 10. Nf3 Re8 11. O-O Ne4 12. Bxe7 Qxe7 13. Rab1 Ndf6 14. b4 Bf5 15. Ne5 Bh7 16. Rfc1 a6 17. Na4 Nd6 18. Bxh7+ Nxh7 19. Nc5 Ng5 20. a4 h5 21. Qe2 g6 22. Re1 Kg7 23. Rec1 f6 24. Ned3 Nf5 25. Qc2 h4 26. h3 Nd6 27. Nf4 f5 28. Re1 Rab8 29. Nfd3 Ngf7 30. Qe2 Ne4 31. Nxe4 fxe4 32. Nc5 Nd6 33. Qg4 Rbd8 34. Rec1 Kh6 35. Rb2 Qg5 36. Qxg5+ Kxg5 37. Rb3 Re7 38. Rc2 Rf8 39. Re2 Rf6 40. Rb1 Kh5 41. Nb3 g5 42. Nd2 Ref7 43. Nf1 g4 44. hxg4+ Kxg4 45. Nh2+ 1/2-1/2

[Event "23rd ETCC Women 2021"]
[Site "Catez"]
[Date "2021.11.21"]
[Round "8.60"]
[White "Varney, Zoe"]
[Black "Rodsmoen, Maud"]
[Result "1-0"]
[ECO "B30"]
[WhiteElo "1955"]
[BlackElo "1953"]
[Annotator "ChessBase"]
[PlyCount "93"]
[EventDate "2021.11.08"]
[EventType "team-tourn"]
[EventCountry "SLO"]
[SourceTitle "playchess.com"]
[Source "ChessBase"]
[SourceQuality "1"]
[WhiteTeam "England"]
[BlackTeam "Norway"]
[WhiteTeamCountry "ENG"]
[BlackTeamCountry "NOR"]
[TimeControl "40/5400+30:1800+30"]

1. e4 c5 2. Nf3 e6 3. d3 Qc7 4. g3 Nc6 5. Bg2 Nf6 6. O-O Be7 7. Re1 d6 8.
Nbd2 O-O 9. Nf1 h6 10. Ne3 d5 11. e5 Nd7 12. Ng4 h5 13. Ne3 Ndxe5 14. Nxe5 Nxe5 15. Qxh5 Ng6 16. f4 Rd8 17. f5 exf5 18. Nxf5 Bxf5 19. Qxf5 Bf6 20. c3 Rac8 21. Qh5 Qd6 22. Bh3 Rc6 23. Bf5 Rb6 24. Bf4 Qc6 25. Re2 Nf8 26. Qh3 g6 27. Bg4 Re8 28. Rf2 Bg7 29. Raf1 f5 30. Bf3 Qd7 31. g4 Ne6 32. Bc1 f4 33. Qg2 d4 34. c4 g5 35. Bd5 Kf8 36. h4 gxh4 37. Bxf4 Nxf4 38. Rxf4+ Bf6 39. Rxf6+ Rxf6 40. Rxf6+ Kg7 41. Rf7+ Qxf7 42. Bxf7 Kxf7 43. Qd5+ Kf6 44. Qf5+ Kg7 45.
Qg5+ Kf7 46. Qh5+ Kf8 47. Qxc5+ 1-0

[Event "23rd ETCC Women 2021"]
[Site "Catez"]
[Date "2021.11.21"]
[Round "9.1"]
[White "Lagno, Kateryna"]
[Black "Zawadzka, Jolanta"]
[Result "1-0"]
[ECO "C56"]
[WhiteElo "2550"]
[BlackElo "2429"]
[Annotator "ChessBase"]
[PlyCount "53"]
[EventDate "2021.11.08"]
[EventType "team-tourn"]
[EventCountry "SLO"]
[SourceTitle "playchess.com"]
[Source "ChessBase"]
[SourceQuality "1"]
[WhiteTeam "Russia"]
[BlackTeam "Poland"]
[WhiteTeamCountry "RUS"]
[BlackTeamCountry "POL"]
[TimeControl "40/5400+30:1800+30"]

1. e4 e5 2. Nf3 Nc6 3. Bc4 Nf6 4. d4 exd4 5. e5 d5 6. Bb5 Ne4 7. Nxd4 Bc5 8. Be3 O-O 9. Nxc6 bxc6 10. Bxc5 Nxc5 11. Bxc6 Rb8 12. Qxd5 Qe7 13. O-O Rxb2 14. Nc3 Rxc2 15. Qd4 Be6 16. Nd5 Bxd5 17. Bxd5 c6 18. Bxc6 Ne6 19. Qe4 Qc5 20. Bd5 Ng5 21. Qd3 Rd8 22. Rad1 Kf8 23. Qf5 g6 24. Qxg5 Rxd5 25. Rb1 Qc7 26. Qf6 Rc6 27. Rb8+ 1-0

[Event "23rd ETCC Women 2021"]
[Site "Catez"]
[Date "2021.11.21"]
[Round "9.2"]
[White "Cyfka, Karina"]
[Black "Gunina, Valentina"]
[Result "1-0"]
[ECO "D17"]
[WhiteElo "2416"]
[BlackElo "2480"]
[Annotator "ChessBase"]
[PlyCount "171"]
[EventDate "2021.11.08"]
[EventType "team-tourn"]
[EventCountry "SLO"]
[SourceTitle "playchess.com"]
[Source "ChessBase"]
[SourceQuality "1"]
[WhiteTeam "Poland"]
[BlackTeam "Russia"]
[WhiteTeamCountry "POL"]
[BlackTeamCountry "RUS"]
[TimeControl "40/5400+30:1800+30"]

1. d4 d5 2. c4 c6 3. Nf3 Nf6 4. Nc3 dxc4 5. a4 Bf5 6. Ne5 Nbd7 7. Nxc4 Nb6 8. Ne5 a5 9. h4 e6 10. f3 h6 11. e4 Bh7 12. Be3 Nfd7 13.
Nd3 Bd6 14. Ne2 Nc4 15. Bc1 Be7 16. g3 O-O 17. b3 Nd6 18.
Be3 b5 19. Bg2 bxa4 20. bxa4 Nc4 21. Bf2 Bb4+ 22. Nxb4 axb4 23. Qb3 Na3 24. O-O Qa5 25. Be1 Qxa4 26. Qxb4 Qa6 27. Qb2 Rfb8 28. Bb4 Nc4 29. Rxa6 Nxb2 30. Rxa8 Rxa8 31. Rb1 Nc4 32. Rc1 Ne3 33. Bh3 Ra2 34. Kf2 Nc2 35. Bc3 Nf6 36. Bf1 Bg6 37. g4 h5 38. g5 Ne8 39. Nf4 Nxd4+ 40. Kg3 Rc2 41. Rxc2 Nxc2 42. Bh3 Kh7 43. Nd3 Nd6 44. Kf4 Nb5 45. Bb2 Nbd4 46. Bxd4 Nxd4 47. Ke3 Nc2+ 48. Kd2 Nd4 49. Ke3 Nc2+ 50. Kf2 Nd4 51. Nc5 Nb5 52. Ke3 Kg8 53. Nd7 Bh7 54. Bf1 Nd6 55. Kd4 Nc8 56. Bc4 Ne7 57. Ne5 Kf8 58. Kc5 Ke8 59. Kd6 Bg8 60. Be2 Bh7 61. Bd1 f6 62. gxf6 gxf6 63. Nd7 Kf7 64. Bb3 Nc8+ 65. Kxc6 Ke7 66. Nc5 Na7+ 67. Kb6 Nc8+ 68. Kc7 Nd6 69. Kc6 Bg8 70. Nd3 Bf7 71. Nf4 Be8+ 72. Kc5 Bf7 73. Ba2 Nb7+ 74. Kc6 Nd6 75. Bxe6 Bxe6 76. Ng6+ Kf7 77. Kxd6 Bb3 78. Ne7 Bc2 79. Nf5 Bd3 80. Ng3 Kg6 81. Kd5 Bc2 82. f4 Bd1 83. Ke6 Bb3+ 84. Ke7 Bd1 85. f5+ Kg7 86. e5 1-0

[Event "23rd ETCC Women 2021"]
[Site "Catez"]
[Date "2021.11.21"]
[Round "9.3"]
[White "Shuvalova, Polina"]
[Black "Kiolbasa, Oliwia"]
[Result "1/2-1/2"]
[ECO "C83"]
[WhiteElo "2515"]
[BlackElo "2403"]
[Annotator "ChessBase"]
[PlyCount "80"]
[EventDate "2021.11.08"]
[EventType "team-tourn"]
[EventCountry "SLO"]
[SourceTitle "playchess.com"]
[Source "ChessBase"]
[SourceQuality "1"]
[WhiteTeam "Russia"]
[BlackTeam "Poland"]
[WhiteTeamCountry "RUS"]
[BlackTeamCountry "POL"]
[TimeControl "40/5400+30:1800+30"]

1. e4 e5 2. Nf3 Nc6 3. Bb5 a6 4. Ba4 Nf6 5. O-O Nxe4 6. d4 b5 7. Bb3 d5 8. dxe5 Be6 9. Be3 Be7 10. c3 Qd7 11. Nbd2 Rd8 12. h3 O-O 13.
Bc2 Bf5 14. Re1 Nxd2 15. Qxd2 Bxc2 16. Qxc2 f6 17. exf6 Bxf6 18. Bc5 Rfe8 19. Bd4 Qd6 20. Re2 Rxe2 21. Qxe2 Nxd4 22. cxd4 c5 23. dxc5 Qxc5 24. Rd1 Kf8 25. b3 Qe7 26. Qc2 Kg8 27. g3 Qe6 28. h4 Rc8 29. Qd2 Rd8 30. Qf4 d4 31. Rd3 Qd5 32. g4 Re8 33.
g5 Re4 34. Qb8+ Bd8 35. Kf1 Qd7 36. Ne5 Qe8 37. Nf3 Qd7 38.
Ne5 Qd5 39. Nf3 Qd7 40. Ne5 Qd5 1/2-1/2

[Event "23rd ETCC Women 2021"]
[Site "Catez"]
[Date "2021.11.21"]
[Round "9.4"]
[White "Socko, Monika"]
[Black "Kashlinskaya, Alina"]
[Result "0-1"]
[ECO "E60"]
[WhiteElo "2393"]
[BlackElo "2482"]
[Annotator "ChessBase"]
[PlyCount "98"]
[EventDate "2021.11.08"]
[EventType "team-tourn"]
[EventCountry "SLO"]
[SourceTitle "playchess.com"]
[Source "ChessBase"]
[SourceQuality "1"]
[WhiteTeam "Poland"]
[BlackTeam "Russia"]
[WhiteTeamCountry "POL"]
[BlackTeamCountry "RUS"]
[TimeControl "40/5400+30:1800+30"]

1. d4 Nf6 2. c4 g6 3. Nf3 Bg7 4. g3 c5 5. Bg2 cxd4 6. Qxd4 Nc6 7. Qh4 h6 8. Qf4 d5 9. cxd5 Nxd5 10. Qd2 O-O 11. O-O Be6 12. Nc3 Nxc3 13.
bxc3 Rc8 14. Qe3 Qa5 15. Bd2 Qa4 16. Rfc1 Rfd8 17. Be1 b6 18. Nd2 Ne5 19. h3 Bd5 20. Bxd5 Rxd5 21. Nf3 Qd7 22. Kh2 Nxf3+ 23. Qxf3 h5 24. Rab1 Rc4 25. Rb4 Qc6 26. Rcb1 Bf6 27. e3 Kg7 28. Qe2 Rdc5 29. Rxc4 Rxc4 30. Rb4 Rc5 31. Rb3 Kg8 32. Qd1 Qe4 33. Rb4 Qe6 34. Ra4 a5 35. Rf4 h4 36. Qd3 hxg3+ 37. fxg3 Qxa2+ 38. Rf2 Qd5 39. Qa6 Qd1 40. Rf1 Qc2+ 41. Rf2 Qb1 42. Rf1 Kg7 43. Qe2 Qb5 44. Qg2 Qd3 45. e4 a4 46. Rf4 a3 47. h4 Rb5 48.
Rf2 Rb1 49. Rd2 Qc4 0-1

[Event "23rd ETCC Women 2021"]
[Site "Catez"]
[Date "2021.11.21"]
[Round "9.5"]
[White "Dzagnidze, Nana"]
[Black "Sebag, Marie"]
[Result "1/2-1/2"]
[ECO "B51"]
[WhiteElo "2524"]
[BlackElo "2447"]
[Annotator "RC"]
[PlyCount "134"]
[EventDate "2021.11.08"]
[EventType "team-tourn"]
[EventCountry "SLO"]
[SourceTitle "playchess.com"]
[Source "ChessBase"]
[SourceQuality "1"]
[WhiteTeam "Georgia"]
[BlackTeam "France"]
[WhiteTeamCountry "GEO"]
[BlackTeamCountry "FRA"]
[TimeControl "40/5400+30:1800+30"]

1. e4 c5 2. Nf3 d6 3. Bb5+ Nd7 4. O-O a6 5. Bd3 Ngf6 6. c3 b5 7. Bc2 Bb7 8. Qe2 g6 9. d4 Bg7 10. Rd1 O-O 11. e5 Bxf3 12. Qxf3 Ne8 13. Bg5 cxd4 14. cxd4 dxe5 15. Bxe7 Qxe7 16. Qxa8 exd4 17. Nd2 Nc7 18. Qb7 Nc5 19. Qf3 N7e6 20. Ne4 Nd7 21. Bb3 Ne5 22. Qg3 Nc4 23. Bxc4 bxc4 24. Rac1 f5 25. Qd6 Qxd6 26. Nxd6 c3 27. bxc3 dxc3 28. Kf1 Rb8 29. Nc4 Rb4 30. Ne3 Rb2 31. Rc2 Nc5 32. Rxb2 cxb2 33. Nc4 Na4 34. Rd8+ Kf7 35. Rb8 Ke6 36. Ke1 Bd4 37. Kd2 Kd5 38. Ne3+ Kc5 39. Kc2 Nb6 40. g3 a5 41. a3 a4 42. Nd1 Nc4 43. Nc3 Nxa3+ 44. Kxb2 Nc4+ 45. Kc2 Bxf2 46. Kd3 Ne5+ 47. Ke2 Bd4 48. Nxa4+ Kc6 49. h3 Nd7 50. Rb1 Nf6 51. Rb4 Be5 52. g4 fxg4 53. hxg4 g5 54. Kf3 h5 55. Rb6+ Kc7 56. gxh5 g4+ 57. Kg2 Nxh5 58. Rh6 Nf6 59. Nc5 Kd6 60. Nd3 Ke6 61. Rh1 Bd6 62. Rf1 Nd5 63. Re1+ Kf5 64. Re2 Nf4+ 65. Nxf4 Bxf4 66. Re8 Bd6 67. Rd8 Be5 1/2-1/2

[Event "23rd ETCC Women 2021"]
[Site "Catez"]
[Date "2021.11.21"]
[Round "9.6"]
[White "Guichard, Pauline"]
[Black "Javakhishvili, Lela"]
[Result "1/2-1/2"]
[ECO "A40"]
[WhiteElo "2409"]
[BlackElo "2446"]
[Annotator "NA"]
[PlyCount "85"]
[EventDate "2021.11.08"]
[EventType "team-tourn"]
[EventCountry "SLO"]
[SourceTitle "playchess.com"]
[Source "ChessBase"]
[SourceQuality "1"]
[WhiteTeam "France"]
[BlackTeam "Georgia"]
[WhiteTeamCountry "FRA"]
[BlackTeamCountry "GEO"]
[TimeControl "40/5400+30:1800+30"]

1. d4 g6 2. e4 Bg7 3. c4 c5 4. d5 d6 5. Nf3 e6 6. Nc3 Bxc3+ 7. bxc3 e5 8. Be2 Nf6 9. Qd3 h6 10. h3 Nbd7 11. Nh2 Qe7 12. a4 a5 13. Rb1 Nf8 14. Bg4 Nxg4 15.
Nxg4 f5 16. Ne3 f4 17. Nc2 Nd7 18. Na3 O-O 19. Bd2 Nf6 20. f3 Nh5 21. Kd1 g5 22. Be1 Ng7 23. Kc2 Rf7 24. Bf2 h5 25. Rb2 Ne8 26. Kb1 Ra6 27.
Ka2 Rg7 28. Nb5 h4 29. Rhb1 Qd8 30. Na3 Qc7 31. Qd1 Rf7 32. Rb5 Qd8 33. Qb3 Qc7 34. Nc2 Nf6 35. Ne1 Nd7 36. Nc2 b6 37. Na3 Bb7 38. Qb2 Qd8 39.
Rb3 Rf6 40. Nc2 Rg6 41. Na3 Rh6 42. Nc2 Rg6 43. Na3 1/2-1/2

[Event "23rd ETCC Women 2021"]
[Site "Catez"]
[Date "2021.11.21"]
[Round "9.7"]
[White "Arabidze, Meri"]
[Black "Milliet, Sophie"]
[Result "1/2-1/2"]
[ECO "E33"]
[WhiteElo "2441"]
[BlackElo "2418"]
[Annotator "NA"]
[PlyCount "68"]
[EventDate "2021.11.08"]
[EventType "team-tourn"]
[EventCountry "SLO"]
[SourceTitle "playchess.com"]
[Source "ChessBase"]
[SourceQuality "1"]
[WhiteTeam "Georgia"]
[BlackTeam "France"]
[WhiteTeamCountry "GEO"]
[BlackTeamCountry "FRA"]
[TimeControl "40/5400+30:1800+30"]

1. d4 Nf6 2. c4 e6 3. Nc3 Bb4 4. Qc2 d6 5. Nf3 O-O 6. Bd2 Nc6 7. a3 Bxc3 8.
Bxc3 Re8 9. Rd1 Qe7 10. e3 e5 11. d5 Nb8 12. Nd2 Bg4 13. f3 Bh5 14. e4 a5 15. Be2 Bg6 16. Nf1 Nbd7 17. Ne3 Nc5 18. O-O a4 19. Qd2 Nfd7 20. Qe1 Rf8 21. g4 h5 22. h3 hxg4 23. hxg4 Qg5 24. Ng2 Nb3 25. Bd3 f6 26. Bc2 Ndc5 27. Kf2 Bf7 28. Rh1 g6 29. Bxb3 Nxb3 30. Bd2 Nxd2 31. Qxd2 Qxd2+ 32. Rxd2 b6 33. Ne3 Kg7 34. Rh2 Rh8 1/2-1/2

[Event "23rd ETCC Women 2021"]
[Site "Catez"]
[Date "2021.11.21"]
[Round "9.8"]
[White "Navrotescu, Andreea"]
[Black "Gvetadze, Sofio"]
[Result "0-1"]
[ECO "A38"]
[WhiteElo "2210"]
[BlackElo "2302"]
[Annotator "NA"]
[PlyCount "78"]
[EventDate "2021.11.08"]
[EventType "team-tourn"]
[EventCountry "SLO"]
[SourceTitle "playchess.com"]
[Source "ChessBase"]
[SourceQuality "1"]
[WhiteTeam "France"]
[BlackTeam "Georgia"]
[WhiteTeamCountry "FRA"]
[BlackTeamCountry "GEO"]
[TimeControl "40/5400+30:1800+30"]

1. c4 Nf6 2. Nc3 g6 3. g3 Bg7 4. Bg2 c5 5. Nf3 Nc6 6. d4 cxd4 7. Nxd4 h5 8. h3 O-O 9. Be3 Na5 10. Qd3 d6 11. b4 Nc6 12. Bxc6 bxc6 13. Nxc6 Qd7 14. Na5 Ba6 15. Rc1 Bb7 16. f3 d5 17. c5 Rad8 18.
Nb5 a6 19. Nd4 Bc8 20. Ndc6 Rde8 21. Bd4 e5 22. Bxe5 Bb7 23. Bxf6 Bxf6 24. Nd4 Bc8 25. Nac6 Qc7 26. f4 Re4 27. a4 h4 28. O-O Rfe8 29. Rf3 hxg3 30. Kg2 Bd7 31. b5 axb5 32. axb5 Bxc6 33. Nxc6 Rxe2+ 34. Kxg3 Qd7 35. Rd1 Kg7 36. f5 Qc7+ 37. Rf4 R8e3+ 38. Qxe3 Rxe3+ 39. Kg4 gxf5+ 0-1

[Event "23rd ETCC Women 2021"]
[Site "Catez"]
[Date "2021.11.21"]
[Round "9.9"]
[White "Muzychuk, Anna"]
[Black "Gara, Ticia"]
[Result "1/2-1/2"]
[ECO "B12"]
[WhiteElo "2533"]
[BlackElo "2331"]
[Annotator "ChessBase"]
[PlyCount "63"]
[EventDate "2021.11.08"]
[EventType "team-tourn"]
[EventCountry "SLO"]
[SourceTitle "playchess.com"]
[Source "ChessBase"]
[SourceQuality "1"]
[WhiteTeam "Ukraine"]
[BlackTeam "Hungary"]
[WhiteTeamCountry "UKR"]
[BlackTeamCountry "HUN"]
[TimeControl "40/5400+30:1800+30"]

1. e4 c6 2. d4 d5 3. e5 c5 4. Nf3 cxd4 5. Qxd4 Nc6 6. Qf4 e6 7. Bd3 Nb4 8. O-O Nxd3 9. cxd3 Ne7 10. h4 Nf5 11. h5 h6 12. Nd4 Nxd4 13. Qxd4 Qa5 14. Bd2 Qa6 15. Nc3 Bd7 16. a4 Be7 17. b4 f5 18. Be3 b6 19. Nxd5 exd5 20.
Qxd5 Rd8 21. e6 Bxe6 22. Qxe6 Qxd3 23. a5 Qd6 24. Qxf5 Rf8 25. Qb5+ Qd7 26. Qe5 Rf6 27. axb6 axb6 28. Rfc1 Qd5 29. Qg3 Kf8 30. Ra7 Qxh5 31. f3 Rfd6 32. Qf4+ 1/2-1/2

[Event "23rd ETCC Women 2021"]
[Site "Catez"]
[Date "2021.11.21"]
[Round "9.11"]
[White "Buksa, Nataliya"]
[Black "Terbe, Julianna"]
[Result "1-0"]
[ECO "C95"]
[WhiteElo "2410"]
[BlackElo "2318"]
[Annotator "RC"]
[PlyCount "165"]
[EventDate "2021.11.08"]
[EventType "team-tourn"]
[EventCountry "SLO"]
[SourceTitle "playchess.com"]
[Source "ChessBase"]
[SourceQuality "1"]
[WhiteTeam "Ukraine"]
[BlackTeam "Hungary"]
[WhiteTeamCountry "UKR"]
[BlackTeamCountry "HUN"]
[TimeControl "40/5400+30:1800+30"]

1. e4 e5 2. Nf3 Nc6 3. Bb5 a6 4. Ba4 Nf6 5. O-O Be7 6. Re1 b5 7. Bb3 d6 8. c3 O-O 9. h3 Nb8 10. d4 Nbd7 11. Nbd2 Bb7 12. Bc2 Re8 13. Nf1 Bf8 14. Ng3 g6 15. b3 Bg7 16. d5 Qb8 17. Be3 c6 18.
c4 bxc4 19. bxc4 Qc7 20. Rb1 Reb8 21. Ba4 c5 22. Bd2 Bf8 23. Bc3 Bc8 24. Qd2 Rxb1 25. Rxb1 Rb8 26. Rf1 Nb6 27. Bb3 Qe7 28. Qe2 Bh6 29. Qd3 Bf4 30. Bd2 h5 31. Re1 Bxd2 32. Qxd2 Nh7 33. Nh2 Qf6 34. Rf1 Qf4 35. Qxf4 exf4 36. Ne2 g5 37. h4 f6 38. g3 Bh3 39. Re1 fxg3 40. Nxg3 gxh4 41. Nxh5 Kf7 42. Nf4 Rg8+ 43. Kh1 Ng5 44. Re3 Bd7 45. Nf1 f5 46. exf5 Bxf5 47. Nd2 Nd7 48. Bd1 Ne5 49. Rb3 Bc8 50. Ng2 Nh3 51. Ne4 Ke7 52. Rb8 Nd7 53. Rxc8 Rxc8 54. Kh2 Nf6 55. Nxd6 Kxd6 56. Kxh3 Ne4 57. Bc2 Nxf2+ 58. Kxh4 Rg8 59. Ne3 Ke5 60. Kh5 Kd4 61. Nf5+ Kxc4 62. d6 Kb5 63. a4+ Kb6 64. Bb3 Rd8 65. Bd5 Nd3 66. Kg5 Nb2 67. Kf6 c4 68. Ke7 Rb8 69. d7 c3 70. Be4 Kc7 71. Ne3 Nxa4 72. Nd5+ Kb7 73. Nxc3+ Kc7 74. Nxa4 Rg8 75. Nc5 Rg7+ 76. Ke8 Rg8+ 77. Kf7 Rh8 78. Ke7 Kb6 79. Nb7 Rg8 80.
Bd5 Rb8 81. Nd6 Kc7 82. Bb7 a5 83. Bc8 1-0

[Event "23rd ETCC Women 2021"]
[Site "Catez"]
[Date "2021.11.21"]
[Round "9.12"]
[White "Mihok-Juhasz, Barbara"]
[Black "Zhukova, Natalia"]
[Result "0-1"]
[ECO "C09"]
[WhiteElo "2258"]
[BlackElo "2331"]
[Annotator "NA"]
[PlyCount "146"]
[EventDate "2021.11.08"]
[EventType "team-tourn"]
[EventCountry "SLO"]
[SourceTitle "playchess.com"]
[Source "ChessBase"]
[SourceQuality "1"]
[WhiteTeam "Hungary"]
[BlackTeam "Ukraine"]
[WhiteTeamCountry "HUN"]
[BlackTeamCountry "UKR"]
[TimeControl "40/5400+30:1800+30"]

1. e4 e6 2. d4 d5 3. Nd2 c5 4. Ngf3 Nc6 5. exd5 exd5 6. Bb5 Qe7+ 7. Be2 Qc7 8. O-O Nf6 9. Re1 Be6 10. Bd3 O-O-O 11. c3 Bg4 12. h3 Bh5 13. dxc5 Bxc5 14. Nb3 Bb6 15. Be3 Bxe3 16. Rxe3 Ne5 17. Rxe5 Bxf3 18. Bf5+ Kb8 19. Qd4 Be4 20. Re1 g6 21. Bxe4 dxe4 22. Qc5 Qxc5 23. Nxc5 Rhe8 24. Rxe8 Rxe8 25. Rd1 Kc7 26.
Kf1 Re5 27. Nb3 h5 28. h4 Ng4 29. Ke2 Rb5 30. Rd2 Rf5 31. Ke1 Ne5 32. Nd4 Rf4 33. g3 Rf6 34. Re2 Ng4 35. Rxe4 Nxf2 36. Re7+ Kb6 37. b3 a5 38. Re3 Nh1 39. Ne2 Rf5 40. a4 Ka6 41. Nd4 Rf6 42. b4 axb4 43.
cxb4 b6 44. Kd2 Kb7 45. Re7+ Kc8 46. Ne2 Kd8 47. Rb7 Kc8 48. Re7 Kd8 49. Ra7 Rf3 50. Nd4 Rxg3 51. Rxf7 Rg4 52. Kc3 Ng3 53. Nc6+ Kc8 54. Rg7 Nf5 55. Ne7+ Nxe7 56. Rxe7 Rxh4 57. Re6 Rg4 58. Rxb6 h4 59. Rf6 h3 60. Rf8+ Kc7 61. Rh8 Rg3+ 62. Kc4 g5 63. Kc5 g4 64. b5 Rc3+ 65. Kb4 Rc1 66. a5 g3 67. b6+ Kd6 68.
a6 g2 69. Rg8 Rb1+ 70. Ka5 h2 71. Rg6+ Ke7 72. a7 Ra1+ 73. Kb5 g1=Q 0-1

[Event "23rd ETCC Women 2021"]
[Site "Catez"]
[Date "2021.11.21"]
[Round "9.13"]
[White "Mammadzada, Gunay"]
[Black "Peng, Zhaoqin"]
[Result "1-0"]
[ECO "B15"]
[WhiteElo "2459"]
[BlackElo "2351"]
[Annotator "ChessBase"]
[PlyCount "105"]
[EventDate "2021.11.08"]
[EventType "team-tourn"]
[EventCountry "SLO"]
[SourceTitle "playchess.com"]
[Source "ChessBase"]
[SourceQuality "1"]
[WhiteTeam "Azerbaijan"]
[BlackTeam "Netherlands"]
[WhiteTeamCountry "AZE"]
[BlackTeamCountry "NED"]
[TimeControl "40/5400+30:1800+30"]

1. e4 c6 2. d4 d5 3. Nc3 dxe4 4. Nxe4 Nf6 5. Nxf6+ exf6 6. c3 Bd6 7. Bd3 O-O 8. Qc2 Re8+ 9. Ne2 h5 10. Be3 Nd7 11. O-O-O Nf8 12. Kb1 Be6 13. c4 Rc8 14. a3 b5 15. c5 Bb8 16. Nc3 Qa5 17. Bd2 Qd8 18.
Bc1 Qe7 19. Rhe1 a5 20. d5 cxd5 21. Bxb5 Red8 22. Nxd5 Rxd5 23. Rxd5 Be5 24. Red1 Bxd5 25. Rxd5 Ne6 26. c6 Nd4 27. Qc4 Nxb5 28. Rxb5 g5 29. Rxa5 Bxh2 30. g3 Qe6 31. Qxe6 fxe6 32. Bxg5 fxg5 33. Rxg5+ Kf7 34. Rxh5 Bg1 35. Rh1 Bxf2 36. Rf1 Rxc6 37. Rxf2+ Kg6 38. Ka2 e5 39. a4 e4 40. Ka3 e3 41. Re2 Re6 42. b4 Kf5 43. b5 Ke4 44. a5 Kd3 45. Re1 Kd2 46. Rh1 e2 47.
b6 e1=Q 48. Rxe1 Rxe1 49. Kb4 Kd3 50. Kb5 Kd4 51. b7 Kd5 52.
Kb6 Rb1+ 53. Ka7 1-0

[Event "23rd ETCC Women 2021"]
[Site "Catez"]
[Date "2021.11.21"]
[Round "9.14"]
[White "Roebers, Eline"]
[Black "Mammadova, Gulnar"]
[Result "1-0"]
[ECO "C16"]
[WhiteElo "2304"]
[BlackElo "2395"]
[Annotator "NA"]
[PlyCount "119"]
[EventDate "2021.11.08"]
[EventType "team-tourn"]
[EventCountry "SLO"]
[SourceTitle "playchess.com"]
[Source "ChessBase"]
[SourceQuality "1"]
[WhiteTeam "Netherlands"]
[BlackTeam "Azerbaijan"]
[WhiteTeamCountry "NED"]
[BlackTeamCountry "AZE"]
[TimeControl "40/5400+30:1800+30"]

1. e4 e6 2. d4 d5 3. Nc3 Bb4 4. e5 b6 5. h4 h6 6. h5 Ba6 7. Bxa6 Nxa6 8. Qd3 Qc8 9. a3 Bf8 10. Nce2 Ne7 11. c3 c5 12. b4 Nb8 13. Rh4 Nd7 14. Qf3 Qc6 15.
Rf4 f6 16. exf6 gxf6 17. Rxf6 Nxf6 18. Qxf6 Rh7 19. Nf3 Bg7 20. Qf4 Kd7 21. a4 cxb4 22. cxb4 Qd6 23. Qxd6+ Kxd6 24. Bf4+ Kd7 25. Kd2 Nc6 26. Rb1 Rhh8 27. Kd3 Rac8 28. b5 Na5 29. Be5 Rhg8 30. Nf4 Nc4 31. Ng6 Bf8 32. g4 Ba3 33. Bf4 Nb2+ 34. Kd2 Bb4+ 35. Ke2 Rc2+ 36. Kf1 Ke8 37. Bxh6 Ba5 38. Bf4 Nd3 39. Be3 Kf7 40. Rd1 Nb2 41. Nfe5+ Kg7 42. Rc1 Rxc1+ 43. Bxc1 Nc4 44. Nxc4 dxc4 45. g5 Bc3 46. Ne7 Rh8 47. h6+ Kf7 48. Nc6 Kg6 49. Ke2 Re8 50. Be3 Kf5 51. Ne5 Bb4 52. g6 Bd6 53. Nf7 Bc7 54. g7 Kg6 55.
Ng5 e5 56. d5 Bd6 57. Ne4 Bb4 58. d6 c3 59. Kd3 Rd8 60. Bg5 1-0

[Event "23rd ETCC Women 2021"]
[Site "Catez"]
[Date "2021.11.21"]
[Round "9.15"]
[White "Fataliyeva, Ulviyya"]
[Black "Van Foreest, Machteld"]
[Result "1-0"]
[ECO "D45"]
[WhiteElo "2309"]
[BlackElo "2141"]
[Annotator "NA"]
[PlyCount "133"]
[EventDate "2021.11.08"]
[EventType "team-tourn"]
[EventCountry "SLO"]
[SourceTitle "playchess.com"]
[Source "ChessBase"]
[SourceQuality "1"]
[WhiteTeam "Azerbaijan"]
[BlackTeam "Netherlands"]
[WhiteTeamCountry "AZE"]
[BlackTeamCountry "NED"]
[TimeControl "40/5400+30:1800+30"]

1. d4 Nf6 2. Nf3 d5 3. c4 c6 4. e3 e6 5. Nc3 Be7 6. Be2 O-O 7. O-O b6 8. b3 Bb7 9. Bb2 Nbd7 10. Rc1 Rc8 11. Qd3 Qc7 12. cxd5 exd5 13. Qf5 Rfe8 14. Rfd1 Bf8 15. h4 Qd6 16. Ng5 h6 17. Nh3 Qe6 18.
Qxe6 Rxe6 19. g4 Ne4 20. Nf4 Nxc3 21. Rxc3 Ree8 22. g5 Be7 23. Bg4 Rcd8 24. g6 Bb4 25. gxf7+ Kxf7 26. Bh5+ Kf6 27. Rcd3 g6 28. Bxg6 Rg8 29. h5 Bd6 30. Ng2 Nf8 31. e4 Nxg6 32. Rf3+ Ke7 33. hxg6 Rxg6 34. e5 Bc7 35. Ba3+ Kd7 36. Rf7+ Kc8 37. f4 c5 38. Kf2 Rdg8 39. Ne3 Bd8 40. Rxb7 Kxb7 41. dxc5 b5 42. Rxd5 Ra6 43. Bb4 Rxa2+ 44. Kf3 a5 45. Bc3 Ra3 46. Rd7+ Kc8 47. e6 a4 48. Ra7 Re8 49. f5 Rxb3 50. Bd4 Kb8 51. c6 a3 52. Ke4 Rb4 53.
Rxa3 Rg8 54. Kd5 Bc7 55. e7 Rxd4+ 56. Kxd4 Bd6 57. Ra5 Bxe7 58. Rxb5+ Kc8 59. Nd5 Bd6 60. Rb7 Rg4+ 61. Kd3 Bc5 62. Rc7+ Kb8 63. Rd7 Kc8 64. f6 Rd4+ 65. Kc3 Rd1 66. Ne7+ Bxe7 67. fxe7 1-0